 Dungeon Crawl Stone Soup version 0.17.1-1-g73c8601 (webtiles) character file.

447 rakes the Ducker (level 6, -9/47 HPs)
             Began as a Demonspawn Gladiator on Dec 14, 2015.
             Was a Follower of Kikubaaqudgha.
             Killed from afar by a starcursed mass (17 damage)
             ... with an accursed screaming
             ... on level 2 of the Abyss.
             The game lasted 00:30:47 (3795 turns).

rakes the Ducker (Demonspawn Gladiator)             Turns: 3795, Time: 00:30:47

Health: -9/47      AC:  8    Str: 17    XL:     6   Next: 73%
Magic:  6/6        EV:  6    Int: 10    God:    Kikubaaqudgha [*.....]
Gold:   54         SH:  2    Dex: 13    Spells: 0 memorised, 5 levels left

rFire  . . .     SeeInvis .     a - +0 long sword
rCold  . . .     Clarity  .     x - +0 scale mail
rNeg   . . .     SustAt   .     (no shield)
rPois  .         Gourm    .     (helmet restricted)
rElec  .         Spirit   .     (no cloak)
rCorr  .         Warding  .     (no gloves)
rMut   .         Stasis   .     (no boots)
MR     +....                    (no amulet)
Stlth  ..........               (no ring)
                                z - ring of protection from magic

@: very slightly contaminated, somewhat resistant to hostile enchantments,
extremely unstealthy
A: antennae 1, large bone plates 1, demonic guardian 1
a: Receive Corpses, Renounce Religion


You were on level 2 of the Abyss.
You worshipped Kikubaaqudgha.
Kikubaaqudgha was aware of your devotion.
You were not hungry.

You visited 1 branch of the dungeon, and saw 4 of its levels.
You visited the Abyss 1 time.

You collected 54 gold pieces.

Inventory:

Hand Weapons
 a - a +0 long sword (weapon)
 j - a +0 mace
 l - a +0 spear
 m - a +0 spear
 t - a +3 quarterstaff of chaos
 w - a +0 falchion
 H - a +5 scythe of protection
 K - a +0 blowgun
Missiles
 d - a throwing net (quivered)
 o - 86 arrows
 y - 17 poisoned needles
Armour
 b - a +0 leather armour
 c - a +1 helmet
 e - a +0 ring mail
 f - a +0 shield
 g - a +0 leather armour
 u - a +0 cloak
 x - a +0 scale mail (worn)
 I - a +0 robe
Jewellery
 z - a ring of protection from magic (left hand)
 A - an uncursed ring of wizardry
Scrolls
 h - 3 scrolls of identify
 n - a scroll of noise {unknown}
 s - a scroll of magic mapping {unknown}
 v - a scroll of recharging
 C - a scroll of teleportation {unknown}
 E - a scroll of fog
 G - 6 scrolls of immolation {unknown}
Potions
 i - a potion of poison {unknown}
 k - 2 potions of might
 p - 3 potions of heal wounds {unknown}
 q - 4 potions of flight {unknown}
 D - a potion of curing {unknown}
Books
 B - Kikubaaqudgha's Almanac of Dark Rituals
   (Kikubaaqudgha gifted it to you on level 3 of the Dungeon)

   Spells                             Type                      Level
   a - Animate Skeleton               Necromancy                   1
   b - Corpse Rot                     Necromancy                   2
   c - Sublimation of Blood           Necromancy                   2
   d - Regeneration                   Charms/Necromancy            3
   e - Control Undead                 Necromancy                   4
Comestibles
 r - 3 meat rations
 J - a beef jerky


   Skills:
 + Level 3.2 Fighting
 + Level 4.0 Long Blades
 + Level 2.0 Throwing
 + Level 2.4 Armour
 + Level 4.7 Dodging
 + Level 0.4 Stealth
 + Level 0.5 Shields


You had 5 spell levels left.
You didn't know any spells.

Dungeon Overview and Level Annotations

Branches:
Dungeon (4/15)
 Temple: D:4-7

Altars:
Kikubaaqudgha
Nemelex Xobeh
Xom

Annotations:
D:4 Eustachio


Innate Abilities, Weirdness & Mutations

You have a pair of small antennae on your head.
You are partially covered in large bone plates (AC +2, SH +2).
A weak demonic guardian rushes to your aid.


Message History

A chorus of shrieks assaults your mind.
Your iron imp hits the raiju!
The raiju bites you. The raiju shocks you!
* * * LOW HITPOINT WARNING * * *
Your white imp gestures at the iron imp.
The puff of frost hits the iron imp.
The iron imp resists.
A starcursed mass splits. x2
Your white imp closely misses the raiju.
There is an open door here.
Blink to where?
Press: ? - help, Dir - move target cursor You are very lightly contaminated with residual magic.
As you read the scroll labeled BEOMAMABBA, it crumbles to dust.
It was a scroll of blinking.
A starcursed mass splits.
A deafening chorus of shrieks assaults your mind!
* * * LOW HITPOINT WARNING * * *
A starcursed mass splits.
A starcursed mass splits.
A cacophony of accursed wailing tears at your sanity!
You die...
Kikubaaqudgha rasps: "You have failed me!
Welcome... death!"

.........#.#
...........#h#.#
. ...#.......XX.#
..#.#......XXX###
...........XXXX
.............##
.............#
.............##
.......@.......
.#.............
#..###########
... .


You could see 8 starcursed masses, a large abomination and a raiju.

Vanquished Creatures
  The ghost of DEFE the Ducker, an amateur OpFi (D:3)
  Crazy Yiuf (D:2)
  An iguana (D:4)
  An orc wizard (D:3)
  A worker ant (D:4)
  5 adders
  A worm (D:2)
  2 giant geckos (D:3)
  15 orcs (D:3)
  2 ball pythons
  10 bats
  2 bat zombies (D:2)
  3 giant cockroaches
  5 goblins
  7 hobgoblins
  2 jackals (D:1)
  A quokka (D:4)
  4 giant newts
  A jackal zombie (D:3)
  8 kobolds
  6 rats
  4 rat zombies (D:2)
83 creatures vanquished.

Vanquished Creatures (collateral kills)
  Sigmund (D:4)
  An orc priest (D:3)
  An orc (D:3)
3 creatures vanquished.

Grand Total: 86 creatures vanquished

Notes
Turn   | Place    | Note
--------------------------------------------------------------
     0 | D:1      | rakes the Demonspawn Gladiator began the quest for the Orb.
     0 | D:1      | Reached XP level 1. HP: 16/16 MP: 1/1
   249 | D:1      | Gained mutation: You are partially covered in large bone plates (AC +2, SH +2). [demonic ancestry]
   249 | D:1      | Reached XP level 2. HP: 17/22 MP: 2/2
   533 | D:1      | Reached skill level 3 in Dodging
   913 | D:2      | Reached XP level 3. HP: 28/28 MP: 3/3
  1263 | D:2      | Reached skill level 1 in Armour
  1375 | D:2      | Found an ancient bone altar of Kikubaaqudgha.
  1387 | D:2      | Became a worshipper of Kikubaaqudgha
  1727 | D:2      | Gained mutation: A weak demonic guardian rushes to your aid. [demonic ancestry]
  1727 | D:2      | Reached XP level 4. HP: 26/34 MP: 4/4
  1867 | D:2      | Noticed Crazy Yiuf
  1872 | D:2      | Killed Crazy Yiuf
  2382 | D:3      | Reached XP level 5. HP: 19/39 MP: 5/5
  3014 | D:3      | Reached skill level 4 in Dodging
  3022 | D:3      | Reached * piety under Kikubaaqudgha
  3022 | D:3      | Received a gift from Kikubaaqudgha
  3025 | D:3      | Identified Kikubaaqudgha's Almanac of Dark Rituals (Kikubaaqudgha gifted it to you on level 3 of the Dungeon)
  3054 | D:3      | Found a shimmering altar of Xom.
  3232 | D:3      | Noticed DEFE's ghost (amateur OpFi)
  3260 | D:3      | Killed DEFE's ghost
  3260 | D:3      | Gained mutation: You have a pair of small antennae on your head. [demonic ancestry]
  3260 | D:3      | Reached XP level 6. HP: 40/46 MP: 6/6
  3520 | D:4      | Found a sparkling altar of Nemelex Xobeh.
  3547 | D:4      | Noticed Sigmund
  3562 | D:4      | Killed Sigmund
  3570 | D:4      | Noticed Eustachio
  3600 | D:4      | Cast into the Abyss (Eustachio)
  3600 | Abyss:1  | Found a corrupted altar of Lugonu.
  3632 | Abyss:1  | Noticed a worldbinder
  3634 | Abyss:1  | Noticed a merfolk
  3638 | Abyss:1  | Noticed a ynoxinul
  3642 | Abyss:1  | Noticed a siren
  3691 | Abyss:2  | Noticed a small abomination
  3785 | Abyss:2  | Noticed a large abomination
  3785 | Abyss:2  | Noticed a starcursed mass
  3788 | Abyss:2  | Noticed a raiju
  3790 | Abyss:2  | Noticed a raiju
  3790 | Abyss:2  | Noticed a raiju
  3795 | Abyss:2  | Killed from afar by a starcursed mass

Action                   |  1- 3 |  4- 6 || total
-------------------------+-------+-------++-------
Melee: Long sword        |   177 |   185 ||   362
Throw: Throwing net      |     2 |     5 ||     7
  Use: Scroll            |     4 |     3 ||     7
  Eat: Bread ration      |     1 |       ||     1
       Meat ration       |       |     1 ||     1
